Map: Blackpink LE

Players

diabolic - Winner!

  • Race: Terran Terran
  • Spawn Location: 1:00

Dessa

  • Race: Zerg Zerg
  • League: Diamond
  • Spawn Location: 7:00

VOD

Have the link to the VOD?

Description

Time

  • Played on: Dec. 14, 2017, 12:06 p.m.
  • Length: 10:27
Show
View Real Time Build Order
Export as new Build Order

diabolic Terran - Winner!

Build Orders: Cyclone Opening 

Get SALT Encoding   

  12  0:01  SCV  
  13  0:13  SCV  
  14  0:25  SCV, Supply Depot  
  15  0:37  Refinery  
  15  0:47  SCV  
  15  0:48  Barracks  
  16  0:59  SCV  
  16  1:00  Refinery  
  17  1:11  SCV  
  18  1:23  SCV  
  19  1:40  Factory  
  19  1:43  Barracks Reactor  
  19  1:46  Orbital Command  
  19  1:57  Supply Depot  
  19  2:11  SCV  
  20  2:33  Cyclone x2  
  20  2:36  SCV  
  27  2:39  Marine  
  27  2:43  Supply Depot  
  28  2:48  SCV  
  29  3:05  Cyclone  
  32  3:15  Cyclone  
  35  3:20  Supply Depot  
  35  3:25  Marine  
  36  3:37  Cyclone  
  39  3:41  SCV  
  39  3:43  Supply Depot, Marine  
  37  3:58  Cyclone  
  40  4:09  Cyclone  
  43  4:15  Command Center  
  43  4:22  Marine  
  44  4:40  Marine  
  43  4:49  Cyclone  
  43  4:57  Marine  
  38  5:00  SCV  
  38  5:05  Starport  
  33  5:12  SCV  
  34  5:15  Marine  
  34  5:21  Cyclone  
  38  5:28  Orbital Command  
  35  5:32  Cyclone  
  35  5:33  Marine  
  39  5:35  SCV  
  40  5:49  Starport Tech Lab  
  40  5:51  SCV, Marine  
  40  5:54  SCV  
  43  6:03  Supply Depot  
  43  6:06  SCV  
  43  6:09  Banshee, Marine  
  48  6:12  Cloaking Field  
  48  6:14  SCV  
  48  6:16  Cyclone  
  48  6:18  SCV  
  53  6:26  SCV, Marine  
  53  6:29  Refinery  
  53  6:30  SCV  
  53  6:31  Refinery  
  56  6:43  SCV  
  45  6:58  Cyclone x2  
  48  7:02  Banshee  
  48  7:05  SCV  
  50  7:11  Marine  
  51  7:17  SCV  
  51  7:20  Command Center  
  52  7:29  SCV, Marine  
  50  7:30  Cyclone  
  53  7:45  Banshee  
  53  7:47  Marine  
  60  8:12  Cyclone  
  60  8:13  Cyclone  
  60  8:15  Marine  
  61  8:28  Banshee  
  64  8:36  Marine  
  62  8:45  Cyclone x2  
  68  8:50  SCV  
  68  8:53  Engineering Bay  
  68  8:54  Marine  
  70  8:58  Starport  
  70  9:11  Banshee  
  70  9:12  Marine  
  77  9:17  Cyclone x2  
  80  9:26  Planetary Fortress  
  80  9:30  Marine  
  81  9:45  Command Center  
  81  9:48  Marine  
  76  10:05  Marine  
Show
View Real Time Build Order
Export as new Build Order

Dessa Zerg 

Build Orders: Hatch First 

Get SALT Encoding   

  12  0:00  Drone  
  13  0:13  Overlord  
  13  0:22  Drone  
  14  0:31  Drone  
  14  0:32  Drone  
  16  0:36  Drone  
  17  0:54  Hatchery  
  17  0:56  Drone  
  17  0:59  Extractor  
  17  1:01  Drone  
  17  1:16  Spawning Pool  
  16  1:18  Drone  
  17  1:25  Overlord  
  17  1:30  Drone  
  18  1:39  Drone  
  19  2:03  Metabolic Boost, Queen  
  19  2:04  Zergling x4  
  23  2:08  Queen  
  23  2:12  Drone  
  26  2:16  Drone  
  26  2:21  Drone  
  28  2:29  Drone  
  29  2:38  Queen  
  29  2:42  Drone x2  
  29  2:43  Overlord  
  33  2:47  Drone  
  33  2:49  Drone  
  35  3:05  Drone x2, Roach Warren  
  36  3:06  Extractor  
  36  3:09  Zergling x2  
  35  3:16  Queen  
  35  3:19  Zergling x4  
  39  3:24  Zergling x4  
  41  3:27  Drone x2  
  41  3:30  Drone  
  43  3:35  Zergling x2  
  42  4:06  Drone  
  42  4:07  Overlord x2  
  43  4:16  Zergling x6  
  43  4:26  Zergling x10  
  43  4:29  Zergling x8  
  48  4:57  Zergling x2  
  48  4:58  Zergling x8  
  51  5:09  Drone x4, Extractor  
  51  5:10  Extractor  
  46  5:29  Drone  
  46  5:30  Drone x2  
  49  5:43  Hatchery  
  49  5:49  Lair  
  48  5:51  Drone x4  
  48  5:52  Overlord  
  48  5:53  Drone x3  
  55  6:12  Drone x2, Evolution Chamber  
  55  6:13  Evolution Chamber  
  55  6:15  Zergling x6  
  58  6:25  Zergling x8  
  48  6:54  Zergling x2  
  48  6:55  Zergling x12  
  55  7:07  Queen  
  57  7:11  Queen  
  57  7:15  Roach x7  
  72  7:25  Roach  
  72  7:28  Zerg Ground Armor Level 1, Zerg Melee Weapons Level 1  
  73  7:30  Overlord x2  
  73  7:33  Pneumatized Carapace  
  73  7:43  Spore Crawler  
  72  7:47  Spore Crawler  
  72  7:49  Spore Crawler  
  65  8:08  Spore Crawler  
  65  8:12  Spore Crawler  
  60  8:37  Drone x3  
  60  8:38  Drone  
  60  8:39  Drone x2  
  60  8:40  Drone, Spire  
  60  8:41  Drone x8  
  71  8:46  Queen  
  71  8:47  Queen  
  78  8:52  Drone x3  
  80  9:13  Drone x2, Extractor x2  
  80  9:14  Drone x6  
  80  9:16  Overlord  
  86  9:47  Zergling x2  
  86  9:48  Zergling x20  
  92  9:53  Roach  
  92  9:56  Zergling x2  
  92  9:57  Zergling x4  
Tags
 
League
Diamond
Matchup
TvZ
Replay Pack
2017S4
Spawn Locations
Cross Positions
Add a new tag
Caveats
  • Supply blocks, unpowered buildings, or Contaminate may cause inaccurate times.
  • Supply counts are checked every 10 seconds.